[Event "Titled Tuesday Blitz August 1 Early 2023"]
[White "Kushko, Dmitriy"]
[Black "Guerra Tulcan, Lenin"]
[WhiteFideId "14162261"]
[BlackFideId "3601382"]
[WhiteElo "2769"]
[BlackElo "2650"]
[Result "1-0"]
[Round "10"]
[TimeControl "180+1"]
[Date "2023.08.01"]
[WhiteClock "0:00:41"]
[BlackClock "0:00:40"]
[Board "29"]

1. Nf3 c5 2. g3 e6 3. Bg2 b6 4. Ne5 d5 5. c4 Nf6 6. Nc3 Bd6 7. Qa4+ Kf8 8. Nf3 Bb7 9. cxd5 Nxd5 10. O-O Nc6 11. Nxd5 exd5 12. d4 c4 13. e4 dxe4 14. Ng5 Nxd4 15. Qxc4 Qf6 16. Nxe4 Bxe4 17. Bxe4 Re8 18. Qd3 g6 19. Bh6+ Kg8 20. Rad1 Be5 21. f4 Bd6 22. Kh1 Nb5 23. Bc6 Nc7 24. Qxd6 Qxd6 25. Rxd6 1-0


[Site "https://www.chess.com"]

[Event "Titled Tuesday Blitz August 1 Early 2023"]
[White "Aradhya, Garg"]
[Black "Weishaeutel, Moritz"]
[WhiteFideId "25006746"]
[BlackFideId "12967300"]
[WhiteElo "2764"]
[BlackElo "2647"]
[Result "1-0"]
[Round "10"]
[TimeControl "180+1"]
[Date "2023.08.01"]
[WhiteClock "0:01:27"]
[BlackClock "0:00:05"]
[Board "30"]

1. d4 Nf6 2. c4 c5 3. d5 b5 4. cxb5 a6 5. b6 Qxb6 6. Nc3 d6 7. Nf3 g6 8. Nd2 Bg7 9. e4 O-O 10. Be2 Nbd7 11. O-O Qc7 12. a4 Bb7 13. a5 e6 14. Nc4 Nxe4 15. Nxe4 exd5 16. Nexd6 Bc6 17. Bf4 dxc4 18. Bxc4 Ne5 19. Nxf7 Rxf7 20. Re1 Re8 21. Rc1 Bb5 22. Bxf7+ Qxf7 23. Bxe5 Bxe5 24. Rxc5 Bf6 25. Rxe8+ Qxe8 26. h3 Qe6 27. Rc2 Ba4 28. Re2 Bxd1 29. Rxe6 Bxb2 30. Rxa6 Bc3 31. Ra8+ Kg7 32. a6 Ba4 33. a7 Bd4 34. Rg8+ Kxg8 35. a8=Q+ 1-0


[Site "https://www.chess.com"]

[Event "Titled Tuesday Blitz August 1 Early 2023"]
[White "djokovic74"]
[Black "Mamedov, Edgar"]
[BlackFideId "13739980"]
[WhiteElo "2763"]
[BlackElo "2645"]
[Result "0-1"]
[Round "10"]
[TimeControl "180+1"]
[Date "2023.08.01"]
[WhiteClock "0:00:03"]
[BlackClock "0:00:08"]
[Board "31"]

1. c4 c6 2. Nf3 d5 3. g3 Nf6 4. Bg2 dxc4 5. O-O Nbd7 6. Na3 Nb6 7. Qc2 Be6 8. Re1 h6 9. b3 cxb3 10. axb3 g6 11. Nc4 Bg7 12. Bb2 O-O 13. Na5 Qc8 14. Rec1 Nbd5 15. d3 Nd7 16. Bxg7 Kxg7 17. e4 Nc7 18. Nd4 c5 19. Ne2 b6 20. Nc4 Bxc4 21. Qxc4 e5 22. f4 Ne6 23. Rf1 Qc7 24. f5 Nd4 25. Nxd4 exd4 26. f6+ Nxf6 27. e5 Qxe5 28. Rae1 Qd6 29. Bxa8 Rxa8 30. Qa6 Qc6 31. Re7 Re8 32. Qxa7 Rxe7 33. Qxe7 Qe6 34. Qxe6 fxe6 35. Kg2 Nd5 36. Kf3 Nc3 37. Ra1 Kf6 38. Ra6 Nd5 39. Ke4 Nc3+ 40. Kf3 Nd5 41. Ke4 g5 42. h3 h5 43. Ra7 Nc3+ 44. Kf3 Nd5 45. Rh7 Kg6 46. Rb7 Kf6 47. Ke4 Nc3+ 48. Kf3 Nd5 49. Rb8 Kg6 50. Re8 Kf6 51. Rb8 Kg6 52. Rh8 Nc3 53. Re8 Kf6 54. Rh8 Kg6 55. h4 gxh4 56. gxh4 Nd5 57. Rg8+ Kf7 58. Rg5 Nf6 59. Rg1 Nd5 60. Ke4 Kf6 61. Rf1+ Ke7 62. Rg1 Kf6 63. Rf1+ Ke7 64. Ke5 Ne3 65. Ra1 Ng4+ 66. Kf4 Kf6 67. Ra6 Nf2 68. Rxb6 Nxd3+ 69. Ke4 Nf2+ 70. Kf3 Nd3 71. Ke4 Nf2+ 72. Kf3 Nd3 73. Rb8 Kf5 74. Ke2 Nf4+ 75. Kd2 e5 76. Rc8 e4 77. Rxc5+ Kg4 78. Re5 e3+ 79. Kd1 Kf3 80. b4 Nd3 81. Re6 Nf2+ 82. Kc2 d3+ 83. Kc3 d2 84. Rd6 d1=Q 85. Rxd1 Nxd1+ 86. Kd4 e2 87. b5 e1=Q 88. b6 Qb4+ 0-1


[Site "https://www.chess.com"]

[Event "Titled Tuesday Blitz August 1 Early 2023"]
[White "Gorovets, Andrey"]
[Black "Przybylski, Wojciech"]
[WhiteFideId "13504037"]
[BlackFideId "1117599"]
[WhiteElo "2757"]
[BlackElo "2640"]
[Result "0-1"]
[Round "10"]
[TimeControl "180+1"]
[Date "2023.08.01"]
[WhiteClock "0:00:00"]
[BlackClock "0:00:17"]
[Board "32"]

1. c4 e5 2. g3 Nf6 3. Bg2 d5 4. cxd5 Nxd5 5. Nc3 Nb6 6. Nf3 Nc6 7. O-O Be7 8. Rb1 O-O 9. b4 a6 10. a4 f6 11. b5 axb5 12. axb5 Nd4 13. d3 Be6 14. Nd2 Qc8 15. e3 Nf5 16. Qc2 Rd8 17. Nce4 Ra2 18. Rb2 Rxb2 19. Bxb2 Qd7 20. Rc1 Qxb5 21. Qxc7 Nd5 22. Qc2 Nb4 23. Nc3 Qxd3 24. Qxd3 Nxd3 25. Rb1 Nxb2 26. Rxb2 Ba3 27. Rc2 Nd6 28. Nde4 Nxe4 29. Bxe4 Bb3 30. Re2 b5 31. Nxb5 Bc4 32. Nxa3 Bxe2 33. f3 Rd2 34. Nb1 Rb2 35. Nc3 Bc4 36. g4 g6 37. h4 Kg7 38. Nd5 Rd2 39. Nb6 Be6 40. Na4 f5 0-1


[Site "https://www.chess.com"]

[Event "Titled Tuesday Blitz August 1 Early 2023"]
[White "Perdomo, Carlos Andres"]
[Black "Kobo, Ori"]
[WhiteFideId "4400852"]
[BlackFideId "2812320"]
[WhiteElo "2632"]
[BlackElo "2755"]
[Result "0-1"]
[Round "10"]
[TimeControl "180+1"]
[Date "2023.08.01"]
[WhiteClock "0:01:19"]
[BlackClock "0:01:58"]
[Board "33"]

1. Nf3 Nf6 2. c4 g6 3. d4 Bg7 4. Bf4 O-O 5. h3 d5 6. e3 c5 7. Nc3 cxd4 8. Nxd4 Nc6 9. Nxc6 bxc6 10. Be5 Qa5 11. cxd5 Rd8 12. Bc4 cxd5 13. Bb3 Ba6 14. Qxd5 Nxd5 0-1


[Site "https://www.chess.com"]

[Event "Titled Tuesday Blitz August 1 Early 2023"]
[White "Djordjevic, Vuk"]
[Black "Ovchinnikov, Vsevolod"]
[WhiteFideId "902098"]
[BlackFideId "24176842"]
[WhiteElo "2755"]
[BlackElo "2624"]
[Result "0-1"]
[Round "10"]
[TimeControl "180+1"]
[Date "2023.08.01"]
[WhiteClock "0:00:00"]
[BlackClock "0:00:08"]
[Board "34"]

1. d4 Nf6 2. Bg5 d6 3. Bxf6 exf6 4. e3 f5 5. Bd3 g6 6. h4 h5 7. c4 c6 8. Nc3 Na6 9. Nge2 Be7 10. g3 Bf6 11. Nf4 Bd7 12. a3 Nc7 13. Qc2 Qe7 14. O-O O-O 15. Rfe1 Rfe8 16. e4 fxe4 17. Nxe4 Bxd4 18. Kg2 Be5 19. Ng5 Qf6 20. Nxf7 Bxf4 21. Bxg6 Be5 22. Bxh5 Kg7 23. Nxe5 Rxe5 24. Rxe5 dxe5 25. Rd1 Bf5 26. Qd2 Rh8 27. Bf3 e4 28. Be2 Re8 29. Qe3 b6 30. b4 Ne6 31. Rd6 Qe5 32. Rd7+ Kg8 33. Bh5 Rf8 34. Rxa7 Ng7 35. Be2 c5 36. bxc5 bxc5 37. Ra5 Ne6 38. Ra7 Bh7 39. Qh6 Ng7 40. Bg4 Qd4 41. Qe3 Qxe3 42. fxe3 Bf5 43. Be2 Be6 44. g4 Bf7 45. h5 Ne6 46. Kg3 Ng5 47. h6 Kh7 48. Rc7 Kxh6 49. Rxc5 Ra8 50. Rc6+ Kg7 51. Rc5 Ne6 52. Re5 Rxa3 53. Rxe4 Ng5 54. Re5 Kf6 55. Rf5+ Kg6 56. Kf4 Ne6+ 57. Ke4 Be8 58. Ke5 Rxe3+ 59. Kd6 Nd4 60. Rd5 Nxe2 61. c5 Nf4 62. Rd4 Re6+ 63. Kc7 Kg5 64. Kb7 Bc6+ 65. Kb6 Kxg4 66. Rc4 Kf5 67. Rd4 Nd5+ 68. Ka5 Ke5 69. Rd1 Kf6 70. Rf1+ Ke7 71. Rh1 Kd7 72. Rh7+ Ne7 73. Rh4 Kc7 74. Rh7 Re5 75. Kb4 Bd7 76. Kc4 Nc6 77. Rh6 Re4+ 78. Kc3 Rf4 79. Kd3 Kb7 80. Kc3 Kc7 81. Rd6 Ra4 82. Rf6 Ra5 83. Kc4 Ne5+ 84. Kd5 Nd3 85. Kd4 Nxc5 86. Rh6 Nb7 87. Kc4 Ra4+ 88. Kd5 Rg4 89. Ke5 Rg5+ 90. Kf4 Rd5 91. Ke4 Bc6 92. Kf4 Nd6 93. Rh7+ Kb6 94. Rh6 Kc5 95. Ke3 Re5+ 96. Kf4 Re4+ 97. Kg5 Nf7+ 0-1


[Site "https://www.chess.com"]

[Event "Titled Tuesday Blitz August 1 Early 2023"]
[White "Pham, Le Thao Nguyen"]
[Black "Mikhailovsky, Vladimir"]
[WhiteFideId "12401226"]
[BlackFideId "34105414"]
[WhiteElo "2623"]
[BlackElo "2754"]
[Result "1/2-1/2"]
[Round "10"]
[TimeControl "180+1"]
[Date "2023.08.01"]
[WhiteClock "0:00:35"]
[BlackClock "0:00:14"]
[Board "35"]

1. d4 d6 2. Nf3 Nf6 3. g3 g6 4. Bg2 Bg7 5. O-O O-O 6. b3 Bf5 7. Bb2 a5 8. a4 c6 9. Re1 d5 10. Nbd2 Ne4 11. Nh4 Nxd2 12. Qxd2 e6 13. Nf3 Be4 14. Ne5 Bxg2 15. Kxg2 Nd7 16. Nxd7 Qxd7 17. f4 c5 18. Ba3 Bxd4 19. c3 Bf6 20. Bxc5 Rfc8 21. Bd4 Bxd4 22. cxd4 Qc7 23. Rec1 Qb6 24. Qd3 Rc6 25. Qb5 Ra6 26. e3 Qc7 27. Rc5 Rxc5 28. dxc5 Rc6 29. Rc1 h5 30. h4 Qd7 31. Rc3 d4 32. exd4 Qxd4 33. Qc4 Qxc4 34. Rxc4 b6 35. cxb6 Rxb6 36. Rc5 Rxb3 37. Rxa5 Kg7 38. Ra7 1/2-1/2


[Site "https://www.chess.com"]

[Event "Titled Tuesday Blitz August 1 Early 2023"]
[White "Hoang, Thi Bao Tram"]
[Black "Matinian, Nikita"]
[WhiteFideId "12401102"]
[BlackFideId "24129100"]
[WhiteElo "2620"]
[BlackElo "2753"]
[Result "1-0"]
[Round "10"]
[TimeControl "180+1"]
[Date "2023.08.01"]
[WhiteClock "0:00:14"]
[BlackClock "0:00:00"]
[Board "36"]

1. Nf3 Nf6 2. g3 g6 3. Bg2 Bg7 4. O-O O-O 5. d4 d6 6. a4 c6 7. Na3 Ne4 8. c3 Nd7 9. Nc4 f5 10. a5 h6 11. Ncd2 d5 12. Nb3 g5 13. Ne1 Ndf6 14. f3 Nd6 15. Nd3 Bd7 16. Ne5 Be8 17. Nc5 Qc8 18. Qb3 Kh8 19. Bd2 Rb8 20. Qc2 b6 21. axb6 axb6 22. Ncd3 c5 23. Rfc1 c4 24. Nf2 e6 25. Rf1 Nd7 26. Nxd7 Qxd7 27. e4 fxe4 28. fxe4 Bg6 29. Rae1 b5 30. Qd1 b4 31. exd5 exd5 32. Bxd5 b3 33. Bg2 Qa7 34. Re6 Bc2 35. Qh5 Nf7 36. Ng4 Qd7 37. Ree1 Rbe8 38. Rxe8 Qxe8 39. Re1 Qd7 40. Nf2 Nd6 41. Bxg5 Qf5 42. Nh3 Kg8 43. Rf1 Qg6 44. Qxg6 Bxg6 45. Rxf8+ Kxf8 46. Bf4 Nb5 47. Bd5 Nxc3 48. Bxc4 Bxd4+ 49. Kf1 Na4 50. Bxh6+ Ke7 51. Bxb3 Bd3+ 52. Ke1 Nxb2 53. Nf4 Bc3+ 54. Kf2 Bf5 55. Kf3 Bc8 56. Nd5+ Kd6 57. Nxc3 Nd3 58. Be3 Ke5 59. Bf4+ Kd4 60. Ne2+ Kc5 61. Be3+ Kb4 62. Bc2 Ne1+ 63. Kf4 Nxc2 64. h4 Kc4 65. h5 Kd3 66. Bc5 Kxe2 67. h6 Ne1 68. h7 Nd3+ 69. Kg5 Nxc5 70. h8=Q Bb7 71. Qe5+ Ne4+ 72. Kf4 Kd3 73. g4 Bc6 74. g5 1-0


[Site "https://www.chess.com"]

[Event "Titled Tuesday Blitz August 1 Early 2023"]
[White "Saya, Ethan"]
[Black "Zhao, Jun"]
[WhiteFideId "26095181"]
[BlackFideId "8602522"]
[WhiteElo "2600"]
[BlackElo "2730"]
[Result "0-1"]
[Round "10"]
[TimeControl "180+1"]
[Date "2023.08.01"]
[WhiteClock "0:00:00"]
[BlackClock "0:00:09"]
[Board "37"]

1. d4 Nf6 2. c4 e6 3. Nc3 d5 4. cxd5 exd5 5. Bg5 c6 6. e3 h6 7. Bh4 Be7 8. Bd3 O-O 9. Nge2 Nbd7 10. Qc2 Re8 11. O-O Nh5 12. Bxe7 Qxe7 13. Rae1 Nf8 14. Nc1 Nf6 15. f3 Ne6 16. Qf2 c5 17. Bb5 Bd7 18. Bxd7 Qxd7 19. dxc5 Nxc5 20. Qd2 Rad8 21. N1e2 Ne6 22. Nd4 a6 23. Rd1 Qc7 24. Nce2 Qe5 25. Nxe6 Rxe6 26. Nc3 Qxe3+ 27. Qxe3 Rxe3 28. Rd4 b5 29. Rfd1 Rc8 30. Nxd5 Nxd5 31. Rxd5 Rc2 32. R1d2 Re2 33. Rxe2 Rxe2 34. Rd6 a5 35. b4 axb4 36. Rb6 Rxa2 37. Rxb5 Rb2 38. h3 b3 39. Rb7 g5 40. Kh2 Kg7 41. Kg3 h5 42. h4 gxh4+ 43. Kxh4 Kg6 44. Rb5 Rb1 45. Rb6+ Kf5 46. Kg3 Ke5 47. Rb5+ Kd4 48. Rxh5 Kc4 49. Rh8 Rd1 50. Rc8+ Kd3 51. Rb8 Kc2 52. Rc8+ Kb1 53. Rc7 b2 54. Rxf7 Kc2 55. Rc7+ Kd3 56. Rb7 b1=Q 57. Rxb1 Rxb1 58. Kf4 Kd4 59. g4 Kd5 60. Kf5 Kd6 61. Kf6 Kd7 62. g5 Ke8 63. Kg7 Rb7+ 64. Kg6 Kf8 65. f4 Rb6+ 66. Kf5 Kg7 67. Kg4 Rb5 68. f5 Rb4+ 69. Kf3 Rb3+ 70. Kf4 Rb4+ 71. Kf3 Kf7 72. Kg3 Ke7 73. Kf3 Kd6 74. g6 Ke7 75. g7 Kf7 76. g8=Q+ Kxg8 77. Kg3 Kf7 78. Kf3 Kf6 79. Kg3 Kxf5 80. Kg2 Kf4 81. Kh1 Kg3 0-1


[Site "https://www.chess.com"]

[Event "Titled Tuesday Blitz August 1 Early 2023"]
[White "Brodowski, Piotr"]
[Black "Ahmad, Khagan"]
[WhiteFideId "1124480"]
[BlackFideId "13431552"]
[WhiteElo "2721"]
[BlackElo "2586"]
[Result "1-0"]
[Round "10"]
[TimeControl "180+1"]
[Date "2023.08.01"]
[WhiteClock "0:00:44"]
[BlackClock "0:00:07"]
[Board "38"]

1. Nf3 d5 2. c4 c6 3. Qc2 Nf6 4. e3 Bg4 5. b3 Nbd7 6. Bb2 e6 7. Be2 Bd6 8. h3 Bxf3 9. gxf3 Qe7 10. Rg1 Rg8 11. a3 a5 12. Nc3 g5 13. d4 h5 14. e4 dxe4 15. fxe4 e5 16. d5 Nc5 17. O-O-O Nfd7 18. Bxh5 a4 19. b4 Nb3+ 20. Kb1 Bxb4 21. axb4 Qxb4 22. Ka2 Nd4 23. Rxd4 exd4 24. Nb1 d3 25. Qxd3 Nc5 26. Qc3 Qb3+ 27. Ka1 a3 28. Qe5+ Kf8 29. Qd6+ Ke8 30. Bf6 1-0


[Site "https://www.chess.com"]

[Event "Titled Tuesday Blitz August 1 Early 2023"]
[White "Perez, Maximiliano"]
[Black "Dimitrov, Atanas"]
[WhiteFideId "117234"]
[BlackFideId "2901315"]
[WhiteElo "2564"]
[BlackElo "2718"]
[Result "1-0"]
[Round "10"]
[TimeControl "180+1"]
[Date "2023.08.01"]
[WhiteClock "0:00:29"]
[BlackClock "0:00:08"]
[Board "39"]

1. e4 c5 2. Nf3 d6 3. g3 Nf6 4. d3 g6 5. Bg2 Bg7 6. O-O Nc6 7. c3 O-O 8. Re1 Bg4 9. h3 Bxf3 10. Qxf3 Rc8 11. Qd1 b5 12. d4 cxd4 13. cxd4 Nd7 14. Be3 Nb6 15. Na3 b4 16. Nc2 Nc4 17. Bc1 a5 18. b3 Nb6 19. Rb1 Na7 20. Bf1 Qd7 21. a4 bxa3 22. Nxa3 Nc6 23. Be3 d5 24. e5 Nb4 25. Rc1 Rxc1 26. Qxc1 Rc8 27. Qb2 Rc7 28. Rc1 Rxc1 29. Qxc1 f6 30. Qc5 Qb7 31. Qxa5 Nc6 32. Qc5 fxe5 33. dxe5 d4 34. Bxd4 Nxd4 35. Qxd4 Qc7 36. Nc4 Nxc4 37. Bxc4+ Kf8 38. Qd5 e6 39. Qxe6 Bxe5 40. Qg8+ Ke7 41. Qxh7+ Kf6 42. Qxc7 Bxc7 43. h4 g5 44. hxg5+ Kxg5 45. Kg2 Bb6 46. f4+ Kf5 47. Kf3 Kf6 48. g4 Bc7 49. g5+ Kg7 50. f5 Ba5 51. f6+ Kg6 52. Kg4 Bd2 53. Bd3+ Kf7 54. Kf5 Kf8 55. g6 Bh6 56. g7+ Bxg7 57. fxg7+ Kxg7 58. Ke6 Kf8 59. Kd7 Kf7 60. b4 Kf6 61. b5 Ke5 62. b6 Kd4 63. b7 Kxd3 64. b8=Q Kd2 65. Qg3 Ke2 66. Kd6 Kf1 67. Qh2 Ke1 68. Ke5 Kd1 69. Ke4 Kc1 70. Kd3 Kb1 71. Kc3 Ka1 72. Qb2# 1-0


[Site "https://www.chess.com"]

[Event "Titled Tuesday Blitz August 1 Early 2023"]
[White "Zeynalli, Rashad"]
[Black "Goltseva, Ekaterina"]
[WhiteFideId "13403320"]
[BlackFideId "24173770"]
[WhiteElo "2710"]
[BlackElo "2549"]
[Result "0-1"]
[Round "10"]
[TimeControl "180+1"]
[Date "2023.08.01"]
[WhiteClock "0:01:25"]
[BlackClock "0:00:21"]
[Board "40"]

1. e4 e6 2. d4 d5 3. Nd2 c5 4. Ngf3 cxd4 5. Nxd4 Nf6 6. exd5 Nxd5 7. Bc4 Bc5 8. N4b3 Bb6 9. O-O O-O 10. Ne4 Nc6 11. Bg5 Qc7 12. Bxd5 exd5 13. Qxd5 Be6 14. Qd6 h6 15. Bf4 Qxd6 16. Nxd6 Nb4 17. c3 Nd3 18. Bg3 Nxb2 19. Nxb7 Na4 20. Rac1 Rfc8 21. Be5 f6 22. Bd4 Bxd4 23. cxd4 Nc3 24. Rfe1 Bxb3 25. Nc5 Nxa2 26. Rb1 Bd5 27. Re7 Rab8 28. Rbe1 Nb4 29. Rxa7 Nc6 30. Rd7 Rd8 31. Rc7 Rbc8 32. Rb7 Nxd4 33. Rd7 Rxd7 34. Nxd7 Rc1 35. Rxc1 Ne2+ 36. Kf1 Nxc1 37. f3 Nd3 38. Ke2 Ne5 39. Kf2 Nxd7 0-1


[Site "https://www.chess.com"]

[Event "Titled Tuesday Blitz August 1 Early 2023"]
[White "Krzyzanowski, Marcin"]
[Black "Souleidis, Georgios"]
[WhiteFideId "1132199"]
[BlackFideId "4206827"]
[WhiteElo "2782"]
[BlackElo "2559"]
[Result "1-0"]
[Round "10"]
[TimeControl "180+1"]
[Date "2023.08.01"]
[WhiteClock "0:00:10"]
[BlackClock "0:00:00"]
[Board "41"]

1. e4 c5 2. Nf3 e6 3. g3 Nc6 4. Bg2 Nf6 5. Qe2 e5 6. O-O Be7 7. a4 O-O 8. c3 Re8 9. d3 h6 10. Na3 Bf8 11. Nc4 d5 12. exd5 Nxd5 13. Nfd2 Bf5 14. Ne4 Qd7 15. a5 Bg4 16. f3 Bh3 17. Bxh3 Qxh3 18. Ncd6 Bxd6 19. Nxd6 Re7 20. Ne4 Rd8 21. Nxc5 Nf6 22. Be3 Nxa5 23. Rxa5 b6 24. Ra3 bxc5 25. Bxc5 Red7 26. c4 Qf5 27. g4 Qg6 28. Rd1 h5 29. h3 hxg4 30. hxg4 Nh5 31. Qxe5 Nf6 32. d4 Nxg4 33. Qg3 Ne5 34. Qxg6 fxg6 35. Rc3 g5 36. Re1 Nc6 37. d5 Na5 38. b4 Rc8 39. Re5 Nb7 40. Bxa7 Nd6 41. Bc5 Nf7 42. Re7 Rxe7 43. Bxe7 Ne5 44. c5 Kf7 45. Bxg5 Kg6 46. Bf4 Nf7 47. d6 Kf5 48. Bg3 Ng5 49. Re3 Ne6 50. Re5+ Kf6 51. f4 Kf7 52. f5 Ng5 53. Kg2 Ra8 54. Re7+ Kf6 55. Re2 Ra3 56. Bh4 Kxf5 57. Bxg5 Kxg5 58. Rd2 1-0


[Site "https://www.chess.com"]

[Event "Titled Tuesday Blitz August 1 Early 2023"]
[White "Onufrienko, Vladislav"]
[Black "Weetik, Vjacheslav"]
[WhiteFideId "13804332"]
[BlackFideId "4153472"]
[WhiteElo "2573"]
[BlackElo "2738"]
[Result "0-1"]
[Round "10"]
[TimeControl "180+1"]
[Date "2023.08.01"]
[WhiteClock "0:00:06"]
[BlackClock "0:00:09"]
[Board "42"]

1. d4 Nf6 2. Nc3 d5 3. Bf4 c5 4. e3 cxd4 5. exd4 a6 6. Nf3 Nc6 7. Be2 Bg4 8. Ne5 Bxe2 9. Nxe2 Qb6 10. O-O e6 11. c4 dxc4 12. Nxc4 Qd8 13. Rc1 Nd5 14. Bg3 Be7 15. h3 O-O 16. Ne5 Nxe5 17. dxe5 Qb6 18. Nf4 Rfd8 19. Nxd5 Rxd5 20. Qc2 Rad8 21. Qc7 Bc5 22. Qxb6 Bxb6 23. Rc2 h5 24. Bf4 R8d7 25. h4 Kh7 26. g3 Kg6 27. Kg2 Kf5 28. Rc8 Rd8 29. Rfc1 f6 30. exf6 gxf6 31. Rxd8 Rxd8 32. Kf3 Rd5 33. Be3 Rb5 34. b3 e5 35. Bxb6 Rxb6 36. Rc4 Rd6 37. Ke2 Ke6 38. Rc8 Rc6 39. Rxc6+ bxc6 40. Kd3 Kd5 41. f3 f5 42. Ke3 c5 43. Kd3 e4+ 44. fxe4+ fxe4+ 45. Ke3 Ke5 46. a3 Kf5 47. b4 cxb4 48. axb4 Ke5 49. g4 hxg4 50. h5 Kf5 51. h6 Kg6 52. Kxe4 Kxh6 53. Kf4 Kh5 54. Kg3 Kg5 55. Kf2 Kf4 56. Kg2 Ke4 57. Kg3 Kd4 58. Kxg4 Kc4 59. Kf3 Kxb4 60. Ke2 Kb3 61. Kd1 Kb2 62. Kd2 a5 63. Kd3 a4 0-1


[Site "https://www.chess.com"]

[Event "Titled Tuesday Blitz August 1 Early 2023"]
[White "Gauri, Shankar"]
[Black "Amilal Munkhdalai"]
[WhiteFideId "5041350"]
[BlackFideId "4903250"]
[WhiteElo "2568"]
[BlackElo "2722"]
[Result "0-1"]
[Round "10"]
[TimeControl "180+1"]
[Date "2023.08.01"]
[WhiteClock "0:00:00"]
[BlackClock "0:01:33"]
[Board "43"]

1. e4 c5 2. Nf3 Nc6 3. Bb5 e6 4. O-O Nge7 5. Re1 a6 6. Bf1 d5 7. exd5 Qxd5 8. Nc3 Qd8 9. b3 Nf5 10. Bb2 Be7 11. Ne4 O-O 12. a4 b6 13. Ng3 Nfd4 14. Nxd4 Nxd4 15. Bd3 Bb7 16. Be4 Bxe4 17. Nxe4 Qd5 18. d3 Rad8 19. Re3 f5 20. Nc3 Qc6 21. Ne2 Bf6 22. Nxd4 cxd4 23. Re2 e5 24. Qd2 Rfe8 25. Rae1 e4 26. Qf4 exd3 27. cxd3 Rxe2 28. Rxe2 Qd5 29. h4 Qxb3 30. Kh2 Qxd3 31. Re6 Qb3 32. Rxf6 gxf6 33. Bxd4 Qe6 34. Qg3+ Kf7 35. Be3 Qd6 36. Bf4 Qd5 37. Bh6 Qd6 38. f4 Rg8 39. Qb3+ Qe6 40. Qc3 Qd5 41. Qc7+ Kg6 0-1


[Site "https://www.chess.com"]

[Event "Titled Tuesday Blitz August 1 Early 2023"]
[White "Ibadov, Dashgyn"]
[Black "Papasimakopoulos, Alexandros"]
[WhiteFideId "24107514"]
[BlackFideId "4244125"]
[WhiteElo "2554"]
[BlackElo "2718"]
[Result "1-0"]
[Round "10"]
[TimeControl "180+1"]
[Date "2023.08.01"]
[WhiteClock "0:00:05"]
[BlackClock "0:00:46"]
[Board "44"]

1. e4 e6 2. d4 d5 3. Nc3 Bb4 4. e5 c5 5. a3 Bxc3+ 6. bxc3 Nc6 7. Qg4 g6 8. Nf3 Bd7 9. dxc5 Qa5 10. Bd2 Qxc5 11. Bd3 Nge7 12. O-O h6 13. Rfe1 Na5 14. Nd4 Nc4 15. Bc1 Qc7 16. Qf4 Rh7 17. a4 O-O-O 18. Bxc4 dxc4 19. Ba3 Nd5 20. Qf3 Qa5 21. Bb4 Nxb4 22. cxb4 Qc7 23. a5 Bc6 24. Qc3 Qd7 25. Nxc6 Qxc6 26. Rad1 Rhh8 27. h3 Rd5 28. Rd4 Rxd4 29. Qxd4 a6 30. Re4 Rd8 31. Qxc4 Rd1+ 32. Kh2 Rd2 33. Qxc6+ bxc6 34. Rc4 Kd7 35. Kg3 Re2 36. f4 Re3+ 37. Kf2 Ra3 38. Rd4+ Kc7 39. Rd3 Ra4 40. c3 Ra2+ 41. Kf3 Rc2 42. g4 Rc1 43. Ke4 Re1+ 44. Re3 Rd1 45. f5 c5 46. fxg6 fxg6 47. Rf3 cxb4 48. cxb4 Rb1 49. Rf6 Rxb4+ 50. Ke3 Rb5 51. Rxe6 Rxa5 52. Rxg6 h5 53. g5 Rxe5+ 54. Kf4 Re7 55. Rxa6 Rf7+ 56. Rf6 Re7 57. g6 Kd8 58. Kg5 Ke8 59. Kxh5 Re4 60. g7 Ke7 61. Rf8 Re5+ 62. Kg4 Re1 63. g8=Q Rg1+ 64. Kh5 1-0


[Site "https://www.chess.com"]

[Event "Titled Tuesday Blitz August 1 Early 2023"]
[White "Preotu, Razvan"]
[Black "Vlassov, Nikolai"]
[WhiteFideId "2613280"]
[BlackFideId "4103360"]
[WhiteElo "2715"]
[BlackElo "2551"]
[Result "1-0"]
[Round "10"]
[TimeControl "180+1"]
[Date "2023.08.01"]
[WhiteClock "0:00:08"]
[BlackClock "0:00:00"]
[Board "45"]

1. e4 Nc6 2. d4 d5 3. e5 h5 4. Nf3 Bg4 5. Bb5 Qd7 6. O-O a6 7. Bxc6 Qxc6 8. b3 e6 9. Ba3 Bxa3 10. Nxa3 Qc3 11. Qd2 Qb2 12. Qa5 b6 13. Qa4+ Kd8 14. Ng5 Nh6 15. h3 Bf5 16. c4 Qxd4 17. Rad1 Qf4 18. Qc6 Ra7 19. cxd5 Qxg5 20. d6 Kc8 21. Nc4 Kb8 22. dxc7+ Rxc7 23. Qxb6+ Rb7 24. Qd6+ Ka7 25. Na5 Rc8 26. Nxb7 Kxb7 27. f4 Qg3 28. Qb4+ Ka8 29. Qb6 Bd3 30. Rc1 Rb8 31. Qc6+ Ka7 32. Qc5+ Ka8 33. Rf3 Qg6 34. Qd6 Bb5 35. Rc7 Nf5 36. Qc5 Rb7 37. Rc8+ Rb8 38. Rc7 Rb7 39. Rxb7 Kxb7 40. Rc3 Qg3 41. Qc7+ Ka8 42. Qc8+ Ka7 43. Qc7+ Ka8 44. Qd8+ Kb7 45. Rc7+ Kb6 46. Rc3+ Kb7 47. Rxg3 Nxg3 48. Qe7+ Kc6 49. Qxf7 Ne2+ 50. Kh2 Nd4 51. Qxg7 Bd3 52. Qf6 Kd5 53. Qd8+ Ke4 54. Qd6 Bb1 55. a4 Bc2 56. a5 Bxb3 57. Qxa6 Kxf4 58. Qb6 Kxe5 59. a6 Bd5 60. a7 Nf5 61. Qb8+ Ke4 62. a8=Q 1-0


[Site "https://www.chess.com"]

[Event "Titled Tuesday Blitz August 1 Early 2023"]
[White "Oleksiyenko, Mykhaylo"]
[Black "Al-Tarboush, Ward"]
[WhiteFideId "4152417"]
[BlackFideId "7601450"]
[WhiteElo "2699"]
[BlackElo "2548"]
[Result "0-1"]
[Round "10"]
[TimeControl "180+1"]
[Date "2023.08.01"]
[WhiteClock "0:00:10"]
[BlackClock "0:00:25"]
[Board "46"]

1. e4 c5 2. Nf3 Nc6 3. d4 cxd4 4. Nxd4 Nf6 5. Nc3 e5 6. Ndb5 d6 7. Bg5 a6 8. Bxf6 gxf6 9. Na3 b5 10. Nd5 f5 11. Bd3 Be6 12. c3 Bg7 13. Qh5 f4 14. Nc2 O-O 15. g3 f5 16. gxf4 Bf7 17. Qh3 Ne7 18. Nxe7+ Qxe7 19. O-O-O Bxa2 20. Rhg1 a5 21. exf5 Kh8 22. fxe5 Bxe5 23. f6 Rxf6 24. Rde1 Rxf2 25. Rg4 Raf8 26. Rh4 R8f7 27. Qc8+ Rf8 28. Qh3 R2f7 29. Ne3 Be6 30. Qg2 Qxh4 0-1


[Site "https://www.chess.com"]

[Event "Titled Tuesday Blitz August 1 Early 2023"]
[White "only_strong_moves"]
[Black "Heinemann, Josefine"]
[BlackFideId "12900460"]
[WhiteElo "2695"]
[BlackElo "2549"]
[Result "1/2-1/2"]
[Round "10"]
[TimeControl "180+1"]
[Date "2023.08.01"]
[WhiteClock "0:00:08"]
[BlackClock "0:01:37"]
[Board "47"]

1. d4 Nf6 2. Nc3 d5 3. Bf4 c5 4. e3 cxd4 5. exd4 a6 6. Be2 Nc6 7. Nf3 e6 8. O-O Be7 9. a4 Qb6 10. b3 O-O 11. Bd3 Bd7 12. Ne2 Rac8 13. c3 Ne4 14. Nd2 Nxd2 15. Qxd2 Bf6 16. Bd6 Rfe8 17. Bc5 Qd8 18. f4 g6 19. Kh1 Ne7 20. Ba3 Bc6 21. Ng1 Nf5 22. Nf3 Nd6 23. Bxd6 Qxd6 24. Ne5 Bg7 25. Rae1 f6 26. Nf3 Bd7 27. a5 Re7 28. c4 Rce8 29. c5 Qc7 30. Bb1 Bc6 31. Rf2 e5 32. fxe5 fxe5 33. dxe5 Bxe5 34. Nxe5 Rxe5 35. Ref1 Qe7 36. b4 Re2 37. Qd4 Rxf2 38. Qxf2 Rf8 39. Qxf8+ Qxf8 40. Rxf8+ Kxf8 41. Kg1 Ke7 42. Kf2 Kf6 43. Ke3 Ke5 44. g3 d4+ 45. Kd2 Be8 46. Bd3 h6 47. h4 g5 48. hxg5 hxg5 49. Ke2 Bc6 50. Kf2 Bd5 51. Ke2 Bc6 52. Kd2 Bd5 53. Be2 Bc6 54. Bd3 Bd5 55. b5 axb5 56. Bxb5 Ke4 57. Ke2 d3+ 58. Bxd3+ Kd4 59. a6 bxa6 60. Bxa6 Kxc5 61. Ke3 Kd6 62. Bd3 Ke5 63. Be2 Be4 64. Kf2 Kf5 65. Bh5 Ke5 66. Be8 Kf5 67. Bh5 Ke5 68. Be8 Kf5 69. Bh5 1/2-1/2


[Site "https://www.chess.com"]